 Dungeon Crawl Stone Soup version 0.20.0-10-g0535bb4 (webtiles) character file.

16144 Zwobot the Sharpshooter (level 12, -8/145 HPs)
             Began as a Barachi Ice Elementalist on June 6, 2017.
             Was a High Priest of Okawaru.
             Mangled by a four-headed hydra (10 damage)
             ... on level 12 of the Dungeon.
             The game lasted 00:56:57 (12757 turns).

Zwobot the Sharpshooter (Barachi Ice Elementalist) Turns: 12757, Time: 00:56:58

Health: -8/145     AC: 31    Str: 11    XL:     12   Next: 34%
Magic:  4/15       EV:  2    Int: 16    God:    Okawaru [*****.]
Gold:   560        SH:  0    Dex: 18    Spells: 10/15 levels left

rFire    . . .     SeeInvis .   a - +7 whip "Penoycwirey" {venom, Dex+4}
rCold    . . .     Gourm    .   (no shield)
rNeg     + + +     Faith    .   (armour currently unavailable)
rPois    +         Spirit   .   (helmet currently unavailable)
rElec    .         Reflect  .   (cloak currently unavailable)
rCorr    .         Harm     .   (gloves currently unavailable)
MR       .....     NoTele   +   (boots currently unavailable)
Stlth    ++++......             F - amulet of rage
Regen    0.4/turn               l - +4 ring of evasion
MPRegen  0.2/turn               G - +5 ring of protection

@: tree-form, heroism, can't hop, berserk cooldown, slowed, very slow
A: +LOS, swims, rugged brown scales 1, dopey 1, subdued magic 1
a: Heroism, Finesse, Renounce Religion, Evoke Berserk Rage


You were on level 12 of the Dungeon.
You worshipped Okawaru.
Okawaru was extremely pleased with you.
You were very hungry.
You were a tree.
You visited 1 branch of the dungeon, and saw 12 of its levels.

You collected 560 gold pieces.

Inventory:

Hand Weapons
 a - the +7 whip "Penoycwirey" (weapon) {venom, Dex+4}
   (You found it on level 8 of the Dungeon)

   It poisons the flesh of those it strikes.
   It affects your dexterity (+4).
 b - a +0 arbalest
 g - a +1 rapier of venom
 w - a +1 scimitar of flaming
 H - a +2 falchion of freezing
 I - a +2 flail of draining
Missiles
 e - 335 stones (quivered)
 p - 76 bolts
 S - a throwing net
Armour
 f - a cursed +0 scale mail
 s - a +0 pair of boots (melded)
 K - a +0 helmet (melded)
 M - +0 steam dragon scales (melded)
 O - a scarf of spirit shield (melded)
 X - a +2 pair of gloves (melded)
Jewellery
 l - a +4 ring of evasion (left branch)
 n - an uncursed ring of protection from fire {unknown}
 o - an uncursed amulet of regeneration
 t - an uncursed ring of flight
 F - an amulet of rage (around neck)
 G - a +5 ring of protection (right branch)
Wands
 h - a wand of polymorph (6/24)
 k - a wand of acid (2/15)
 y - a wand of lightning (0/15)
 z - a wand of acid (9/15)
Scrolls
 d - 4 scrolls of teleportation
 i - 2 scrolls of identify
 j - a scroll of blinking {unknown}
 m - 5 scrolls of remove curse
 q - a scroll of recharging
 A - a scroll of random uselessness {unknown}
 C - a scroll of enchant weapon {unknown}
 E - a scroll of fog {unknown}
 L - 5 scrolls of amnesia
 N - 2 scrolls of enchant armour {unknown}
 P - a scroll of noise {unknown}
 V - 2 scrolls of immolation
 Y - a scroll of torment {unknown}
Potions
 D - a potion of haste
 U - a potion of invisibility
 W - a potion of cancellation
Books
 v - a book of Necromancy

   Spells                             Type                      Level
   a - Pain                           Necromancy                   1
   b - Animate Skeleton               Necromancy                   1
   c - Vampiric Draining              Necromancy                   3
   d - Regeneration                   Charms/Necromancy            3
   e - Animate Dead                   Necromancy                   4
   f - Control Undead                 Necromancy                   4
 B - a book of Frost

   Spells                             Type                      Level
   a - Freeze                         Ice                          1
   b - Throw Frost                    Conjuration/Ice              2
   c - Ozocubu's Armour               Charms/Ice                   3
   d - Throw Icicle                   Conjuration/Ice              4
   e - Summon Ice Beast               Ice/Summoning                4
 J - a book of Conjurations

   Spells                             Type                      Level
   a - Magic Dart                     Conjuration                  1
   b - Searing Ray                    Conjuration                  2
   c - Dazzling Spray                 Conjuration/Hexes            3
   d - Fulminant Prism                Conjuration/Hexes            4
   e - Force Lance                    Conjuration/Translocation    4
   f - Iskenderun's Mystic Blast      Conjuration                  4
Comestibles
 c - 7 bread rations
 r - 3 meat rations
 Q - 2 chunks of flesh
 T - 7 royal jellies


   Skills:
 - Level 9.1(14.1) Fighting
 - Level 15.5(20.5) Crossbows
 - Level 2.1(7.1) Dodging
 - Level 1.7(6.7) Stealth
 - Level 2.1 Spellcasting
   Level 1.1 Conjurations
 - Level 5.0 Summonings
 - Level 5.5 Ice Magic
 + Level 4.2 Invocations
 - Level 3.0 Evocations


You had 10 spell levels left.
You knew the following spells:

 Your Spells              Type           Power        Failure   Level  Hunger
a - Freeze                Ice            ###.         1%          1    #......
b - Summon Ice Beast      Ice/Summ       ##......     19%         4    #####..


Dungeon Overview and Level Annotations

Branches:
Dungeon (12/15)            Temple (0/1) D:7            Lair (0/6) D:8
    Orc (0/2) D:11

Altars:
Cheibriados
Makhleb
Okawaru
Ru
Trog
Uskayaw
Vehumet
Xom
Yredelemnul
The Shining One

Shops:
D:6 =

Annotations:
D:2 Natasha


Innate Abilities, Weirdness & Mutations

Shadows flee at your approach. (+LOS)
You can swim through water.
((You cover ground slowly.))
((You can hop short distances.))
((You have razor-sharp toenails.))
((You are partially covered in large bone plates. (SH +4)))
(You are partially covered in rugged brown scales. (AC +1, +3% HP))
((Your flesh is cold resistant. (rC+)))
((Armour fits poorly on your strangely shaped body.))
You are dopey. (Int -2)
Your spells are a little easier to cast, but a little less powerful.


Message History

The bolt of acid hits the four-headed hydra.
The four-headed hydra is splashed with acid.
The acid corrodes the four-headed hydra!
The four-headed hydra is severely wounded.
The bolt of acid hits the cyclops.
The cyclops is splashed with acid.
The acid corrodes the cyclops!
The cyclops is heavily wounded.
This wand has 2 charges left.
The four-headed hydra bites you.
* * * LOW HITPOINT WARNING * * *
The four-headed hydra bites you.
* * * LOW HITPOINT WARNING * * *
The four-headed hydra bites you but does no damage.
The four-headed hydra bites you!
* * * LOW HITPOINT WARNING * * *
The four-headed hydra completely misses you.
The four-headed hydra bites you but does no damage.
The four-headed hydra bites you!
* * * LOW HITPOINT WARNING * * *
The four-headed hydra bites you!
You die...

#...........#
#......(....#
####....C......###
.............. ...
#..........# #.#
#..........# #.#
#.......(..# #.#
#...÷...<..# #.#
#..........# #♣#
#.........(#####D######.
%..........C.†.(C..D.....
##########.######.#####.#
#.# .# #.# .# #.# .# #.#
.# ... ..


You could see a four-headed hydra and a cyclops.

Vanquished Creatures
  A stone giant (D:11)
  Erolcha (D:11)
  Erica (D:11)
  6 two-headed ogres
  An obsidian statue (D:11)
  Pikel (D:9)
  2 ugly things
  A manticore (D:11)
  A merfolk (shapeshifter) (D:11)
  A queen bee (D:9)
  The ghost of removed the Cutter, an amateur HaAE of Uskayaw (D:5)
  A meliai zombie (D:10)
  A shadow (D:11)
  4 yaks (D:9)
  Grum (D:10)
  3 hungry ghosts
  A steam dragon (D:8)
  2 hell hounds (D:8)
  A black bear (D:7)
  An eye of draining (D:11)
  3 ice beasts
  3 orc warriors
  3 sky beasts
  A phantom (D:8)
  7 ogres
  2 wolves (D:10)
  3 centaurs
  A crocodile (D:9)
  Blork the orc (D:4)
  2 big kobolds
  7 bullfrogs
  A gnoll sergeant (D:9)
  3 scorpions
  A wyvern skeleton (D:9)
  3 wights (D:6)
  16 killer bees (D:9)
  3 howler monkeys
  3 crimson imps
  6 hounds
  7 orc priests
  3 bullfrog skeletons
  Jessica (D:2)
  3 centaur skeletons
  3 iguanas
  10 orc wizards
  8 worker ants
  3 killer bee zombies
  A hound skeleton (D:7)
  A howler monkey zombie (D:9)
  7 gnolls
  2 worker ant zombies (D:9)
  A howler monkey skeleton (D:7)
  9 adders
  4 shadow imps
  3 oozes
  2 adder skeletons
  An adder zombie (D:9)
  5 worms
  5 dart slugs
  7 leopard geckos
  29 orcs
  2 ball pythons
  7 giant cockroaches
  10 goblins
  7 hobgoblins
  11 jackals
  5 quokkas
  9 bats
  6 frilled lizards
  18 kobolds
  2 leopard gecko skeletons
  2 quokka skeletons
  A quokka zombie (D:6)
  3 rats
299 creatures vanquished.

Vanquished Creatures (collateral kills)
  A hungry ghost (D:7)
  A black bear (D:7)
  2 iguanas
  5 orcs
9 creatures vanquished.

Vanquished Creatures (others)
  A killer bee (D:9)
1 creature vanquished.

Grand Total: 309 creatures vanquished

Notes
Turn   | Place    | Note
-------+----------+-------------------------------------------
     0 | D:1      | Zwobot the Barachi Ice Elementalist began the quest for the Orb.
     0 | D:1      | Reached XP level 1. HP: 13/13 MP: 3/3
    65 | D:1      | Reached skill level 1 in Fighting
   227 | D:1      | Reached XP level 2. HP: 19/22 MP: 3/5
   816 | D:1      | Reached XP level 3. HP: 29/29 MP: 6/6
  1127 | D:2      | Found an iron altar of Okawaru.
  1137 | D:2      | Became a worshipper of Warmaster Okawaru
  1324 | D:2      | Noticed Jessica
  1331 | D:2      | Killed Jessica
  1331 | D:2      | Reached XP level 4. HP: 38/38 MP: 4/7
  1752 | D:2      | Learned a level 4 spell: Summon Ice Beast
  1840 | D:2      | Noticed Natasha
  1891 | D:2      | Found a glowing golden altar of the Shining One.
  1947 | D:2      | Reached skill level 5 in Fighting
  2280 | D:3      | Reached XP level 5. HP: 40/44 MP: 6/8
  2864 | D:3      | Found a snail-covered altar of Cheibriados.
  3116 | D:4      | Noticed Blork the orc
  3135 | D:4      | Reached skill level 1 in Evocations
  3135 | D:4      | Reached XP level 6. HP: 52/52 MP: 9/9
  3140 | D:4      | Killed Blork the orc
  3177 | D:4      | Reached * piety under Okawaru
  3565 | D:4      | Reached XP level 7. HP: 20/60 MP: 7/10
  3819 | D:5      | Entered Level 5 of the Dungeon
  4097 | D:5      | Noticed removed's ghost (amateur HaAE)
  4438 | D:5      | Gained mutation: You are partially covered in rugged brown scales. (AC +1, +3% HP) [potion of mutation]
  4438 | D:5      | Gained mutation: You are dopey. (Int -2) [potion of mutation]
  4438 | D:5      | Gained mutation: You have sharp toenails. [potion of mutation]
  4438 | D:5      | Gained mutation: You are partially covered in large bone plates. (SH +4) [potion of mutation]
  4634 | D:5      | Reached ** piety under Okawaru
  4844 | D:5      | Killed removed's ghost
  4844 | D:5      | Reached XP level 8. HP: 16/73 MP: 8/11
  5256 | D:5      | Reached skill level 5 in Summonings
  5442 | D:6      | Reached skill level 5 in Ice Magic
  5479 | D:6      | Found Cud Yjah's Jewellery Shop.
  5586 | D:6      | Reached skill level 1 in Crossbows
  5754 | D:6      | Reached skill level 2 in Crossbows
  5803 | D:6      | Found a bloodstained altar of Trog.
  5831 | D:6      | Reached *** piety under Okawaru
  5831 | D:6      | Reached skill level 3 in Crossbows
  5891 | D:6      | Reached skill level 4 in Crossbows
  6075 | D:7      | Found a staircase to the Ecumenical Temple.
  6151 | D:7      | Reached XP level 9. HP: 73/78 MP: 12/12
  6293 | D:7      | Reached skill level 5 in Crossbows
  6408 | D:7      | Found a hide-covered altar of Uskayaw.
  6715 | D:8      | Noticed a two-headed ogre
  6732 | D:8      | Killed a two-headed ogre
  6732 | D:8      | Reached **** piety under Okawaru
  6732 | D:8      | Reached skill level 7 in Crossbows
  6846 | D:8      | Gained mutation: Armour fits poorly on your strangely shaped body. [mutagenic meat]
  6847 | D:8      | Gained mutation: You have razor-sharp toenails. [mutagenic meat]
  6848 | D:8      | Gained mutation: Your flesh is cold resistant. (rC+) [mutagenic meat]
  6849 | D:8      | Gained mutation: Your spells are a little easier to cast, but a little less powerful. [mutagenic meat]
  7024 | D:8      | Found a burning altar of Makhleb.
  7033 | D:8      | Reached skill level 8 in Crossbows
  7038 | D:8      | Received a gift from Okawaru
  7120 | D:8      | Reached skill level 9 in Crossbows
  7129 | D:8      | Found a staircase to the Lair.
  7131 | D:8      | Got a bloodstained whip
  7132 | D:8      | Identified the +7 whip "Penoycwirey" {venom, Dex+4} (You found it on level 8 of the Dungeon)
  7657 | D:8      | Reached XP level 10. HP: 85/85 MP: 13/13
  7674 | D:8      | Noticed a two-headed ogre
  7696 | D:8      | Killed a two-headed ogre
  7696 | D:8      | Reached skill level 10 in Crossbows
  7873 | D:9      | Found a basalt altar of Yredelemnul.
  7873 | D:9      | Found a sacrificial altar of Ru.
  7877 | D:9      | Found a radiant altar of Vehumet.
  7877 | D:9      | Found a shimmering altar of Xom.
  8038 | D:9      | Received a gift from Okawaru
  8059 | D:9      | Reached skill level 11 in Crossbows
  8864 | D:9      | Noticed a two-headed ogre
  8873 | D:9      | Reached skill level 12 in Crossbows
  9097 | D:9      | Killed a two-headed ogre
  9097 | D:9      | Reached ***** piety under Okawaru
  9097 | D:9      | Received a gift from Okawaru
  9097 | D:9      | Reached XP level 11. HP: 48/91 MP: 6/14
  9420 | D:9      | Noticed Pikel
  9426 | D:9      | Killed Pikel
  9426 | D:9      | Reached skill level 13 in Crossbows
  9672 | D:10     | Entered Level 10 of the Dungeon
  9745 | D:10     | Found a shimmering altar of Xom.
  9860 | D:10     | Noticed Maurice
 10073 | D:10     | Noticed Grum
 10089 | D:10     | Killed Grum
 10328 | D:11     | Noticed an obsidian statue
 10330 | D:11     | Noticed a sun demon
 10442 | D:11     | Noticed a frost giant
 10442 | D:11     | Noticed a stone giant
 10443 | D:11     | Noticed a two-headed ogre
 10444 | D:11     | Noticed a swamp dragon
 10445 | D:11     | a swamp dragon changed into an elephant
 10729 | D:11     | Noticed a soul eater
 10854 | D:11     | Noticed a lindwurm
 10854 | D:11     | a jumping spider changed into a lindwurm
 10856 | D:11     | a lindwurm changed into a merfolk
 10878 | D:11     | Noticed Erolcha
 10896 | D:11     | Killed Erolcha
 10896 | D:11     | Reached skill level 14 in Crossbows
 10962 | D:12     | Noticed a red ugly thing
 10967 | D:12     | Noticed a cyclops
 10967 | D:12     | Noticed a six-headed hydra
 11012 | D:11     | Killed a two-headed ogre
 11012 | D:11     | Received a gift from Okawaru
 11170 | D:11     | Killed a stone giant
 11170 | D:11     | Received a gift from Okawaru
 11170 | D:11     | Received a gift from Okawaru
 11515 | D:11     | Noticed a purple ugly thing
 11525 | D:11     | Killed a purple ugly thing
 11545 | D:11     | Reached skill level 15 in Crossbows
 11628 | D:11     | Noticed Erica
 11653 | D:11     | Killed Erica
 11653 | D:11     | Reached XP level 12. HP: 40/97 MP: 7/15
 11945 | D:11     | Noticed a two-headed ogre
 11951 | D:11     | Killed a two-headed ogre
 11951 | D:11     | Received a gift from Okawaru
 11968 | D:11     | Noticed a rakshasa
 11992 | D:11     | HP: 1/97 [rakshasa/orb of energy (17)]
 12373 | D:10     | Reached skill level 1 in Invocations
 12421 | D:11     | Received a gift from Okawaru
 12429 | D:11     | Found a staircase to the Orcish Mines.
 12582 | D:11     | Noticed a two-headed ogre
 12598 | D:11     | Killed a two-headed ogre
 12598 | D:11     | Received a gift from Okawaru
 12748 | D:12     | Noticed a four-headed hydra
 12757 | D:12     | HP: 2/145 [four-headed hydra (8)]
 12757 | D:12     | Mangled by a four-headed hydra

Skill      XL: |  1  2  3  4  5  6  7  8  9 10 11 12 |
---------------+-------------------------------------+-----
Fighting       | 2 3 4 5 6 7 9 |  9.1
Evocations     | 1 3 |  3.0
Summonings     | 3 5 |  5.0
Ice Magic      | 5 |  5.5
Crossbows      | 4 9 12 15 | 15.5
Invocations    | 4 |  4.2
Dodging        | |  2.1
Stealth        | |  1.7
Spellcasting   | |  2.1
Conjurations   | |  1.1

Action                   |  1- 3 |  4- 6 |  7- 9 | 10-12 || total
-------------------------+-------+-------+-------+-------++-------
Melee: Short sword       |    44 |   150 |    63 |       ||   257
       Rapier            |       |       |    41 |       ||    41
       Kick              |       |       |    18 |    26 ||    44
       Flail             |       |       |    13 |       ||    13
       Falchion          |       |       |    18 |       ||    18
       Whip              |       |       |     9 |   209 ||   218
       Dagger            |       |       |     1 |       ||     1
       Hand crossbow     |       |       |       |     1 ||     1
       Punch             |       |       |       |     1 ||     1
 Fire: Hand crossbow     |       |       |   212 |   229 ||   441
       Arbalest          |       |       |       |   212 ||   212
Throw: Stone             |     3 |       |       |     5 ||     8
 Cast: Freeze            |    34 |    58 |    39 |       ||   131
       Summon Ice Beast  |       |       |    11 |     3 ||    14
Invok: Heroism           |       |       |     7 |    33 ||    40
       Finesse           |       |       |       |     1 ||     1
 Abil: Hop               |       |     1 |     3 |     9 ||    13
Evoke: Wand              |       |     7 |     6 |    11 ||    24
  Use: Scroll            |       |     8 |     3 |     8 ||    19
       Potion            |       |       |     6 |     7 ||    13
 Stab: Sleeping          |     3 |     3 |     3 |     4 ||    13
  Eat: Chunk             |     2 |     9 |    17 |    12 ||    40
       Royal jelly       |       |       |     2 |     3 ||     5
       Fruit             |       |       |     1 |     3 ||     4
Armor: Robe              |    10 |    41 |    45 |       ||    96
       Steam dragon scal |       |       |     3 |   108 ||   111
       Skin              |       |       |       |     6 ||     6
Dodge: Dodged            |    52 |   179 |   204 |   353 ||   788
Block: Other             |       |       |    30 |    66 ||    96
       Rpst.: Falchion   |       |       |     1 |       ||     1
